 Dungeon Crawl Stone Soup version 0.28-a0-199-g298df9dbad (webtiles) character file.

Game seed: 2408554731449204049

13874 siradein the Fighter (level 12, -2/66 HPs)
             Began as a Vine Stalker Berserker on Aug 19, 2021.
             Was a Priest of Trog.
             Slain by a six-headed hydra (3 damage)
             ... on level 2 of the Lair of Beasts on Aug 20, 2021.
             The game lasted 00:24:00 (10855 turns).

siradein the Fighter (Vine Stalker Berserker)      Turns: 10855, Time: 00:24:01

Health: -2/66      AC:  9    Str: 24    XL:     12   Next: 10%
Magic:  0/13       EV: 15    Int:  7    God:    Trog [***...]
Gold:   709        SH:  5    Dex: 15    Spells: 11/11 levels left

rFire   + . .      SeeInvis .   L - +3 scimitar (flame)
rCold   . . .      Faith    .   (no shield)
rNeg    . . .      Spirit   +   O - +0 troll leather armour
rPois   +          Reflect  +   (no helmet)
rElec   .          Harm     .   t - +0 cloak
rCorr   .          Rampage  .   k - +0 pair of gloves
Will    +....                   E - +0 pair of boots
Stlth   +.........              a - amulet of reflection
HPRegen 2.21/turn               n - ring of poison resistance
MPRegen 0.13/turn               z - ring of protection from fire

@: frozen, very slow
A: fangs 3, regeneration 1, magic shield, antimagic bite, no potion heal 2
a: Renounce Religion, Berserk, Trog's Hand


You were on level 2 of the Lair of Beasts.
You worshipped Trog.
Trog was most pleased with you.
You visited 2 branches of the dungeon, and saw 13 of its levels.

You collected 745 gold pieces.
You spent 36 gold pieces at shops.

Inventory:

Hand Weapons
 m - a +0 war axe
 G - a +0 battleaxe of draining
 L - a +3 scimitar of flaming (weapon)
Missiles
 o - 36 poisoned darts (quivered)
 P - a throwing net
Armour
 b - a +0 tower shield
 k - a +0 pair of gloves (worn)
 t - a +0 cloak (worn)
 E - a +0 pair of boots (worn)
 O - a +0 troll leather armour (worn)
Jewellery
 a - an amulet of reflection (around neck)
 n - a ring of poison resistance (left hand)
 s - an amulet of the acrobat
 x - a ring of ice
 z - a ring of protection from fire (right hand)
 J - a ring of resist corrosion
Wands
 I - a wand of charming (9)
 K - a wand of polymorph (8)
Scrolls
 e - 5 scrolls of magic mapping
 g - a scroll of blinking
 i - 2 scrolls of holy word
 u - 2 scrolls of fog
 v - 3 scrolls of noise {unknown}
 w - 5 scrolls of teleportation {unknown}
 y - 3 scrolls of immolation {unknown}
 A - a scroll of vulnerability {unknown}
 C - a scroll of amnesia {unknown}
 D - 2 scrolls of enchant armour {unknown}
 F - 5 scrolls of enchant weapon {unknown}
 H - a scroll of summoning {unknown}
 N - a scroll of fear
Potions
 c - 5 potions of curing
 d - 3 potions of heal wounds
 f - 2 potions of haste {unknown}
 h - 2 potions of invisibility {unknown}
 j - a potion of degeneration {unknown}
 l - 3 potions of resistance {unknown}
 p - 2 potions of ambrosia {unknown}
 q - 4 potions of might {unknown}
 r - 4 potions of attraction {unknown}
 B - 2 potions of flight
Miscellaneous
 M - a phial of floods


   Skills:
 + Level 9.0 Fighting
 + Level 8.9 Axes
 + Level 7.9 Armour
 + Level 8.0 Dodging
 - Level 5.0 Shields


You had 11 spell levels left.
You didn't know any spells.
Your spell library was empty.

Dungeon Overview and Level Annotations

Branches:
Dungeon (11/15)            Temple (0/1) D:5            Lair (2/6) D:9
  Swamp: Lair:2-4    Shoals: Lair:2-4     Snake: Lair:2-4    Spider: Lair:2-4
    Orc: D:9-12

Altars:
Dithmenos
Sif Muna
The Shining One

Shops:
D:7 !

Annotations:
D:11 2 runed translucent doors, lunkers's ghost, journeyman DjEE


Innate Abilities, Weirdness & Mutations

You have razor-sharp teeth.
Your natural rate of healing is unusually fast.
When hurt, damage is shared between your health and your magic reserves.
Your bite disrupts and absorbs the magic of your enemies.
Potions cannot restore your health.


Message History

There is a stone staircase leading down here.
Your +3 scimitar of flaming stops flaming.
You sense an unholy aura.
G - a +0 battleaxe of draining (weapon)
The wyvern barely misses you.
You barely miss the wyvern. You bite the wyvern! You drain its power.
The wyvern is moderately wounded.
You block the wyvern's attack. The wyvern bites you!
You slash the wyvern!
You kill the wyvern!
Trog accepts your kill.
No target in view!
You start resting.
HP restored.
Your +3 scimitar of flaming bursts into flame!
L - a +3 scimitar of flaming (weapon)
You climb downwards.
The rime drake hisses angrily.
The rime drake breathes ice at you. The flash freeze hits you!!
You are encased in ice.
The yak gores you.
The yak barely misses you. x2; The yak gores you!
The six-headed hydra bites you!
* * * LOW HITPOINT WARNING * * *
The six-headed hydra completely misses you.
The six-headed hydra closely misses you.
The six-headed hydra completely misses you.
You block the six-headed hydra's attack.
The six-headed hydra closely misses you.
You block the yak's attack. The yak gores you!
* * * LOW HITPOINT WARNING * * *
The yak misses you.
There is a stone staircase leading up, spattered with blood here.
Unknown command.
The yak gores you!
* * * LOW HITPOINT WARNING * * *
The yak gores you.
* * * LOW HITPOINT WARNING * * *
The six-headed hydra bites you.
You die...

............
.#....... ..
........)..
<.........#
.#......#. #
.........#.#P##
......YYY......
......Y@....k..
.....)Y.D......
...............
..).......##..#
..........# #.
..........P
..........##
..........P


You could see a six-headed hydra, 5 yaks and a rime drake.

Vanquished Creatures
  A hydra (D:11)
  A two-headed ogre (D:7)
  Erica (D:10)
  A tengu warrior (D:11)
  Nergalle (D:10)
  A deep elf pyromancer (D:11)
  A cyclops (D:11)
  2 centaur zombies (D:11)
  3 komodo dragons
  A tengu conjurer (D:11)
  3 trolls
  A hornet (D:8)
  A wraith (D:9)
  A shadow (D:10)
  5 wyverns
  13 yaks
  4 water moccasins
  2 orc warriors
  4 sky beasts
  A black bear (D:9)
  4 ogres
  A necrophage (D:5)
  A centaur (D:11)
  3 kobold brigands
  2 bullfrogs (D:9)
  4 scorpions
  2 gnoll sergeants
  A wyvern zombie (D:8)
  2 water moccasin zombies
  10 killer bees
  13 wights
  3 howler monkeys (D:9)
  A jelly (D:6)
  3 orc priests
  2 hounds (D:5)
  A centaur skeleton (D:6)
  7 iguanas
  Natasha (thrice) (D:2)
  10 orc wizards
  11 gnolls
  2 howler monkey zombies
  9 adders
  A shadow imp (D:7)
  3 ufetubi
  2 adder skeletons
  2 dart slugs
  32 orcs
  9 endoplasms
  2 giant cockroaches
  4 goblins
  7 hobgoblins
  6 jackals
  15 kobolds
  A quokka (D:1)
  9 ball pythons
  8 bats
  6 rats
250 creatures vanquished.

Vanquished Creatures (others)
  4 fungi (D:9)
  5 plants (D:9)
9 creatures vanquished.

Grand Total: 259 creatures vanquished

Notes
Turn   | Place    | Note
-------+----------+-------------------------------------------
     0 | D:1      | siradein the Vine Stalker Berserker began the quest for the
                  | Orb.
     0 | D:1      | Reached XP level 1. HP: 11/11 MP: 2/2
   134 | D:1      | Reached XP level 2. HP: 14/16 MP: 1/3
   314 | D:1      | Reached skill level 3 in Fighting
   393 | D:1      | Reached ** piety under Trog
   394 | D:1      | Reached XP level 3. HP: 20/20 MP: 4/4
   877 | D:2      | Found a faded altar of an unknown god.
  1220 | D:2      | Gained mutation: Your natural rate of healing is unusually
                  | fast. [Vine Stalker growth]
  1220 | D:2      | Reached XP level 4. HP: 18/24 MP: 5/5
  1546 | D:2      | Found a shadowy altar of Dithmenos.
  1691 | D:2      | Noticed Natasha
  1699 | D:2      | Killed Natasha
  1700 | D:2      | Reached XP level 5. HP: 28/28 MP: 6/6
  2120 | D:2      | Noticed Natasha
  2126 | D:2      | Killed Natasha
  2136 | D:2      | Noticed Natasha
  2139 | D:2      | Killed Natasha
  3194 | D:4      | Noticed an ogre
  3203 | D:4      | Killed an ogre
  3204 | D:4      | Reached XP level 6. HP: 14/33 MP: 0/7
  3351 | D:4      | Reached skill level 1 in Shields
  3622 | D:4      | Reached *** piety under Trog
  3694 | D:4      | Reached skill level 4 in Fighting
  3837 | D:4      | Reached XP level 7. HP: 37/37 MP: 5/8
  4035 | D:5      | Entered Level 5 of the Dungeon
  4102 | D:5      | HP: 1/38 [ogre (10)]
  4313 | D:5      | Found a staircase to the Ecumenical Temple.
  4424 | D:5      | Gained mutation: You have razor-sharp teeth. [Vine Stalker
                  | growth]
  4424 | D:5      | Reached XP level 8. HP: 41/42 MP: 7/9
  4642 | D:5      | Reached skill level 5 in Fighting
  4870 | D:5      | Reached skill level 5 in Axes
  5096 | D:6      | Found a shimmering blue altar of Sif Muna.
  5295 | D:6      | Reached XP level 9. HP: 47/47 MP: 7/10
  5840 | D:7      | Reached **** piety under Trog
  5954 | D:7      | Reached skill level 5 in Dodging
  5966 | D:7      | Found Ystol's Distillery.
  6004 | D:7      | Noticed a troll
  6004 | D:7      | Noticed a two-headed ogre
  6009 | D:7      | Killed a troll
  6010 | D:7      | Reached skill level 6 in Fighting
  6010 | D:7      | Reached skill level 5 in Armour
  6015 | D:7      | Killed a two-headed ogre
  6016 | D:7      | Reached skill level 5 in Shields
  6016 | D:7      | Reached XP level 10. HP: 53/53 MP: 8/11
  6033 | D:7      | Bought a potion of curing for 36 gold pieces
  7029 | D:8      | Reached skill level 7 in Fighting
  7501 | D:9      | Reached XP level 11. HP: 58/58 MP: 8/12
  7647 | D:9      | Found a staircase to the Lair.
  7958 | D:10     | Entered Level 10 of the Dungeon
  8118 | D:10     | Noticed Erica
  8126 | D:10     | Killed Erica
  8516 | D:10     | Reached skill level 8 in Fighting
  8666 | D:10     | Noticed Nergalle
  8674 | D:10     | Killed Nergalle
  8791 | D:11     | Noticed a deep elf pyromancer
  8796 | D:11     | Killed a deep elf pyromancer
  8835 | D:11     | Found a glowing golden altar of the Shining One.
  9185 | D:11     | Noticed a tengu warrior
  9193 | D:11     | Killed a tengu warrior
  9375 | D:11     | Found a large runed translucent door.
  9376 | D:11     | Found a large runed translucent door.
  9379 | D:11     | Noticed lunkers's ghost (journeyman DjEE)
  9399 | D:11     | Noticed a cyclops
  9404 | D:11     | Killed a cyclops
  9771 | D:11     | Noticed a four-headed hydra
  9782 | D:11     | Killed a two-headed hydra
  9783 | D:11     | Reached XP level 12. HP: 62/65 MP: 10/13
  9976 | Lair:1   | Entered Level 1 of the Lair of Beasts
 10331 | Lair:1   | Reached skill level 9 in Fighting
 10839 | Lair:2   | Noticed a six-headed hydra
 10855 | Lair:2   | HP: 1/66 [yak (3)]
 10855 | Lair:2   | Slain by a six-headed hydra

Illustrated notes

Levels and vault maps discovered:
D:1:      psy_arrival_whirlpool, layout_basic
D:2:      layout_loops_cross, shapermc_ecumenical_altar_starsandcircs,
          basic_altar, minmay_quantized, uniq_natasha
D:3:      layout_basic, kennysheep_generic_room_16
D:4:      layout_loops_ring, hex_tiny, minmay_misc_feat_enclosed,
          dk_noncrumbling_2
D:5:      layout_basic, minmay_temple_entry_waves
D:6:      layout_basic, nicolae_overflow_crystal_walls
D:7:      layout_loops_ring, serial_shops, shop
D:8:      layout_rooms, kennysheep_generic_room_11
D:9:      layout_basic, grunt_lair_entry_orc_guard_hut, serial_rivers,
          chequers_serial_rivers_room_a, chequers_serial_rivers_room_b,
          chequers_serial_rivers_large_b, chequers_serial_rivers_marsh
D:10:     layout_loops_cross, uniq_erica, uniq_nergalle
D:11:     layout_basic, ebering_ghost_disaster_area, tso_metal_star
Lair:1:   layout_concentric_octagons, beast_lair_carwin_11, grunt_megastairs_3
Lair:2:   layout_gridlike, minmay_shoals_entry_beasts, roderic_carrion_pond

Skill      XL: |  1  2  3  4  5  6  7  8  9 10 11 12 |
---------------+-------------------------------------+-----
Fighting       | 3 4 5 6 7 8 9 |  9.0
Axes           | 3 4 5 6 7 8 |  8.9
Armour         | 2 3 4 5 6 7 |  7.9
Dodging        | 2 3 4 5 6 7 8 |  8.0
Shields        | 1 2 3 5 |  5.0

Action                   |  1- 3 |  4- 6 |  7- 9 | 10-12 || total
-------------------------+-------+-------+-------+-------++-------
Melee: Hand axe          |    79 |    11 |       |       ||    90
       Bite              |    19 |    39 |    75 |   115 ||   248
       War axe           |       |   112 |   203 |       ||   315
       Battleaxe         |       |       |    18 |   320 ||   338
       Scimitar          |       |       |       |     3 ||     3
Invok: Berserk           |     1 |     2 |     6 |     7 ||    16
       Trog's Hand       |       |     2 |     8 |    15 ||    25
  Use: Scroll            |       |       |       |     7 ||     7
 Stab: Sleeping          |     4 |       |       |       ||     4
       Distracted        |       |       |       |     1 ||     1
Armor: Animal skin       |    28 |    10 |       |       ||    38
       Scale mail        |       |    11 |       |       ||    11
       Plate armour      |       |    38 |   106 |   193 ||   337
       Troll leather arm |       |       |       |    33 ||    33
Dodge: Dodged            |    73 |    40 |    27 |   209 ||   349
Block: Tower shield      |       |    87 |   218 |       ||   305
       Other             |       |     2 |     1 |   101 ||   104
       Reflection        |       |       |     3 |       ||     3
       Rpst.: Scimitar   |       |       |       |     1 ||     1

Table legend: (Time is in decaauts)
 A = Elapsed time spent in this place.
 B = Non-inter-level travel time spent in this place.
 C = Inter-level travel time spent in this place.
 D = Time resting spent in this place.
 E = Time spent auto-exploring this place.
 F = Levels seen in this place.
 G = Mean time per level.
                   A        B        C        D        E       F      G
               +--------+--------+--------+--------+--------+-----+--------+
         Total |  11363 |  11046 |    317 |    358 |   8118 |  13 |  874.1 |
       Dungeon |  10479 |  10174 |    305 |    355 |   7348 |  11 |  952.6 |
          Lair |    884 |    873 |     11 |      3 |    770 |   2 |  442.0 |
               +--------+--------+--------+--------+--------+-----+--------+

Top non-repeatable levels by time:
     D:2: 1414 daAuts
    D:11: 1185 daAuts
     D:3: 1011 daAuts
     D:5: 966 daAuts
     D:6: 929 daAuts
     D:7: 914 daAuts
     D:4: 912 daAuts
  Lair:1: 877 daAuts
    D:10: 864 daAuts
     D:1: 831 daAuts
     D:8: 736 daAuts
     D:9: 712 daAuts
  Lair:2: 6 daAuts
